 Dungeon Crawl Stone Soup version 0.17-a0-2231-gd80ca38 (webtiles) character file.

612 Geomchi the Chopper (level 7, -3/54 HPs)
             Began as a Demonspawn Gladiator on Oct 29, 2015.
             Was an Initiate of Trog.
             Slain by a river rat (7 damage)
             ... summoned by Eustachio
             ... on level 5 of the Dungeon.
             The game lasted 00:05:56 (5261 turns).

Geomchi the Chopper (Demonspawn Gladiator)          Turns: 5261, Time: 00:05:57

Health: -3/54      AC: 10    Str: 17      XL:     7   Next: 20%
Magic:  7/7        EV: 16    Int: 10      God:    Trog [......]
Gold:   160        SH:  0    Dex: 16 (18) Spells: 0 memorised, 6 levels left

rFire  . . .     SeeInvis .     a - +0 war axe
rCold  . . .     Clarity  .     n - +0 scale mail
rNeg   + . .     SustAt   .     (no shield)
rPois  .         Gourm    .     c - +0 helmet
rElec  .         Spirit   .     y - +0 cloak
rCorr  +         Warding  .     (no gloves)
rMut   .         Stasis   .     (no boots)
MR     .....                    f - amulet of resist corrosion
Stlth  ++........               A - ring of positive energy
                                t - ring of invisibility

@: agile, very slightly contaminated, hasted, very quick, not resistant to
hostile enchantments, unstealthy
A: rugged brown scales 1, nightstalker 1, rot immunity
a: Burn Spellbooks, Renounce Religion, Evoke Invisibility


You were on level 5 of the Dungeon.
You worshipped Trog.
Trog was noncommittal.
You were not hungry.

You visited 1 branch of the dungeon, and saw 5 of its levels.

You collected 160 gold pieces.

Inventory:

Hand Weapons
 a - a +0 war axe (weapon)
Missiles
 d - 4 throwing nets (quivered)
Armour
 c - a +0 helmet (worn)
 n - a +0 scale mail (worn)
 y - a +0 cloak (worn)
Jewellery
 b - an uncursed amulet of resist mutation
 f - an amulet of resist corrosion (around neck)
 t - a ring of invisibility (left hand)
 A - a ring of positive energy (right hand)
Wands
 l - a wand of random effects (16)
 z - a wand of lightning (9)
Scrolls
 h - 2 scrolls of fear {unknown}
 i - a scroll of teleportation {unknown}
 k - 6 scrolls of identify {unknown}
 m - 2 scrolls of noise {unknown}
 p - a scroll of immolation {unknown}
 q - a scroll of fog {unknown}
 r - 3 scrolls of remove curse {unknown}
 w - a scroll of recharging {unknown}
Comestibles
 e - 4 bread rations {@e1}
 g - 2 fruits
 u - a meat ration {@e2}
 x - a royal jelly
 B - 2 chunks of flesh {@w0}


   Skills:
 + Level 3.9 Fighting
 + Level 5.9 Axes
 - Level 1.7 Throwing
 - Level 3.3 Armour
 - Level 2.6 Dodging


You had 6 spell levels left.
You didn't know any spells.

Dungeon Overview and Level Annotations

Branches:
Dungeon (5/15)
 Temple: D:4-7

Altars:
Trog
Xom
The Shining One

Annotations:
D:3 1 runed door
D:5 Eustachio


Innate Abilities, Weirdness & Mutations

You are partially covered in rugged brown scales (AC +1, +3% HP).
You are slightly more attuned to the shadows.
You are immune to rotting.


Message History

* * * LOW HITPOINT WARNING * * *
The iron imp closely misses you. Eustachio hits you but does no damage.
You take 1 damage, and have 3/54 hp.
You closely miss Eustachio. You completely miss the iron imp.
You hit the iron imp.
The iron imp disappears in a puff of smoke!
The iron imp hits you but does no damage.
Eustachio gestures wildly while chanting.
Drink which item? (? for menu, Esc to quit)
It was a potion of haste.
You feel yourself speed up. The iron imp barely misses you.
Eustachio barely misses you.
You are very lightly contaminated with residual magic.
Drink which item? (? for menu, Esc to quit)
It was a potion of magic.
Magic courses through your body. The iron imp completely misses you.
Drink which item? (? for menu, Esc to quit)
It was a potion of agility.
You feel agile all of a sudden. The orc warrior closely misses you.
The river rat bites you!
You die...

........## #.........#
######..# #..........##
## ##.###............#
.####..##.............##
..##...#...............#
.......................#
....#..................#
....##...........§.....#
....##.........@@5(...##
# ....##.........r.o....#
.#
...###.............##.##
..# ..##
##..........####..###..##
.# #.......####
##...#....# #.#######
###..#......# #.##
##..÷#.......# #..#
##..##.......#. #..#
###..##........#


You could see Eustachio, an orc warrior, an iron imp and a river rat.

Vanquished Creatures
  An ogre (D:4)
  2 hounds
  Crazy Yiuf (D:4)
  Ijyb (D:2)
  Natasha (D:3)
  4 orc wizards
  A worker ant (D:4)
  An iguana (D:5)
  10 adders
  4 gnolls (D:4)
  An ooze (D:1)
  A worm (D:3)
  2 giant geckos
  5 orcs
  2 ball pythons
  5 giant cockroaches
  6 hobgoblins
  9 bats
  4 giant newts
  6 goblins
  7 jackals
  9 kobolds
  A quokka skeleton (D:4)
  7 rats
91 creatures vanquished.

Vanquished Creatures (others)
  An orc wizard (D:4)
  A giant gecko (D:4)
  A giant gecko skeleton (D:4)
3 creatures vanquished.

Grand Total: 94 creatures vanquished

Notes
Turn   | Place    | Note
--------------------------------------------------------------
     0 | D:1      | Geomchi the Demonspawn Gladiator began the quest for the Orb.
     0 | D:1      | Reached XP level 1. HP: 16/16 MP: 1/1
   103 | D:1      | Reached skill level 3 in Axes
   261 | D:1      | Gained mutation: You are partially covered in rugged brown scales (AC +1, +3% HP). [demonic ancestry]
   261 | D:1      | Reached XP level 2. HP: 13/22 MP: 2/2
   944 | D:2      | Reached XP level 3. HP: 14/27 MP: 3/3
  1147 | D:2      | Reached skill level 4 in Axes
  1197 | D:2      | Noticed Ijyb
  1222 | D:2      | Killed Ijyb
  1222 | D:2      | Gained mutation: You are slightly more attuned to the shadows. [demonic ancestry]
  1222 | D:2      | Reached XP level 4. HP: 17/33 MP: 4/4
  1908 | D:3      | Reached skill level 5 in Axes
  2134 | D:3      | Reached skill level 1 in Armour
  2168 | D:3      | Noticed Natasha
  2177 | D:3      | Killed Natasha
  2177 | D:3      | Gained mutation: You are immune to rotting. [demonic ancestry]
  2177 | D:3      | Reached XP level 5. HP: 3/39 MP: 5/5
  2729 | D:3      | Found a glowing golden altar of the Shining One.
  2730 | D:3      | Noticed an angel
  2730 | D:3      | Found a runed door.
  3603 | D:4      | Reached XP level 6. HP: 42/45 MP: 6/6
  3812 | D:4      | Noticed an ogre
  3849 | D:4      | Killed an ogre
  4578 | D:4      | Found a shimmering altar of Xom.
  4579 | D:4      | Found a bloodstained altar of Trog.
  4610 | D:4      | Noticed Crazy Yiuf
  4617 | D:4      | Killed Crazy Yiuf
  4678 | D:4      | Became a worshipper of Trog the Wrathful
  4850 | D:5      | Entered Level 5 of the Dungeon
  4878 | D:5      | Noticed Eustachio
  5151 | D:5      | Reached XP level 7. HP: 48/53 MP: 7/7
  5261 | D:5      | Slain by a river rat

Vault maps used:
D:1:      minmay_arrival_stair_chambers, minmay_misc_feat_rows,
          hangedman_glass_teeth, st_stairs_6
D:2:      uniq_iyjb
D:3:      lemuel_angel_altar, uniq_natasha
D:4:      gammafunk_temple_overflow_pools, kennysheep_crisscross,
          lemuel_flame_loot_1, uniq_crazy_yiuf_cottage
D:5:      first_bread, st_stairs_2, uniq_eustachio, uniq_menkaure

Action                   |  1- 3 |  4- 6 |  7- 9 || total
-------------------------+-------+-------+-------++-------
Melee: War axe           |    98 |   296 |    28 ||   422
  Use: Potion            |       |     1 |     4 ||     5
 Stab: Sleeping          |       |     1 |       ||     1
  Eat: Chunk             |     1 |    13 |     1 ||    15
